Workbook

Sheet foxz

Sheet Tong hop 2016-nay
B2: Khoa | C2: Hội nghị, hội thảo trong nước | D2: Tạp chí trong nước | E2: Tổng
B3: Cơ Điện | C3: ='Co Dien 2016-nay'!G172 -> 45 | D3: ='Co Dien 2016-nay'!G173 -> 125 | E3: ='Co Dien 2016-nay'!G174 -> 170
B4: Công nghệ thông tin | C4: ='CNTT 2016-nay'!G131 -> 42 | D4: ='CNTT 2016-nay'!G132 -> 87 | E4: ='CNTT 2016-nay'!G133 -> 129
B5: Dầu khí | C5: ='Dk 2016-nay'!G201 -> 40 | D5: ='Dk 2016-nay'!G202 -> 159 | E5: ='Dk 2016-nay'!G203 -> 199
B6: KHKT Địa chất | C6: ='KHKTDC 2016-nay'!G262 -> 85 | D6: ='KHKTDC 2016-nay'!G263 -> 175 | E6: ='KHKTDC 2016-nay'!G264 -> 260
B7: Khoa học cơ bản | C7: ='KHCB 2016-nay'!G315 -> 89 | D7: ='KHCB 2016-nay'!G316 -> 224 | E7: ='KHCB 2016-nay'!G317 -> 313
B8: Lý luận chính trị | C8: ='LLCT 2016-nay'!G138 -> 79 | D8: ='LLCT 2016-nay'!G139 -> 57 | E8: ='LLCT 2016-nay'!G140 -> 136
B9: Kinh tế và QTKD | C9: ='Kinh te 2016-nay'!G247 -> 13 | D9: ='Kinh te 2016-nay'!G248 -> 232 | E9: ='Kinh te 2016-nay'!G249 -> 245
B10: Môi trường | C10: ='MT 2016-nay'!G199 -> 82 | D10: ='MT 2016-nay'!G200 -> 115 | E10: ='MT 2016-nay'!G201 -> 197
B11: Mỏ | C11: ='Mỏ 2016-nay'!G263 -> 86 | D11: ='Mỏ 2016-nay'!G264 -> 175 | E11: ='Mỏ 2016-nay'!G265 -> 261
B12: TĐ, BĐ và QLĐĐ | C12: ='TĐ 2016-nay'!G371 -> 108 | D12: ='TĐ 2016-nay'!G372 -> 261 | E12: ='TĐ 2016-nay'!G373 -> 369
B13: Xây dựng | C13: ='XD 2016-nay'!G267 -> 132 | D13: ='XD 2016-nay'!G268 -> 133 | E13: ='XD 2016-nay'!G269 -> 265
B14: Giáo dục quốc phòng | C14: ='GDQP 2016-nay'!G49 -> 8 | D14: ='GDQP 2016-nay'!G50 -> 39 | E14: ='GDQP 2016-nay'!G51 -> 47
B15: Tổng cộng | C15: =SUM(C3:C14) -> 809 | D15: =SUM(D3:D14) -> 1782 | E15: =SUM(E3:E14) -> 2591

Sheet Co Dien 2016-nay
A1: TT | B1: Tên bài báo | C1: Tên tác giả | D1: Tên Hội nghị, hội thảo | E1: Thời gian xuất bản | F1: Khoa | G1: Thể loại
A2: 1 | B2: Mô hình thiết kế và mô phỏng hướng đối tượng điều tốc điện tử-thủy lực cho trạm thủy điện nhỏ | C2: Nguyễn Sơn Tùng, Ngô Văn Hiền | D2: Tuyển tập công trình hội nghị khoa học cơ học thủy khí toàn quốc năm 2015 | E2: 2016 | F2: CĐ | G2: Hội nghị, hội thảo trong nước
A3: 2 | B3: Xác định lực từ cho khởi động từ phòng nổ bằng phương pháp phần tử hữu hạn và mô phỏng số | C3: Lê Văn Tuần | D3: Hội thảo toàn quốc về điện tử truyền thông và công nghệ thông tin (REV 2016) | E3: 2016 | F3: CĐ | G3: Hội nghị, hội thảo trong nước
A4: 3 | B4: Phân tích ứng suất biến dạng của tấm hợp kim AZ31 với kỹ thuật ép định hướng trong rãnh chu kỳ (CGP) bằng phương pháp mô phỏng số | C4: Phạm Thị Thủy, Nguyễn Văn Ca, Đặng Thị Hông Huế, Đào Minh Ngừng, Phạm Quang | D4: Hội thảo khoa học cấp quốc gia Luyện kim và công nghệ vật liệu tiên tiến | E4: 2016 | F4: CĐ | G4: Hội nghị, hội thảo trong nước
A5: 4 | B5: Nghiên cứu giải pháp hạn chế quá điện áp khi xảy ra chạm đất một pha chập chờn trong mạng điện 6kV ở các mỏ hầm lò vùng Cẩm Phả -Quảng Ninh | C5: Hồ Việt Bun | D5: Hội nghị khoa học kỹ thuật mỏ toàn quốc lần thứ XXV. Cửa Lò 8-2016 | E5: 2016 | F5: CĐ | G5: Hội nghị, hội thảo trong nước
A6: 5 | B6: Nghiên cứu nâng cao hiệu quả bảo vệ rò điện trong mạng điện mỏ | C6: Đỗ Như Ý | D6: Hội nghị khoa học công nghệ mỏ toàn quốc | E6: 2016 | F6: CĐ | G6: Hội nghị, hội thảo trong nước
A7: 6 | B7: Bơm bánh răng thủy lực dựa trên nguyên lý truyền động bánh răng dạng sóng điều hòa | C7: Nguyễn Duy Chỉnh | D7: Báo cáo hội nghị Khoa học Kỹ thuật mỏ toàn quốc lần thứ 25 | E7: 2016 | F7: CĐ | G7: Hội nghị, hội thảo trong nước
A8: 7 | B8: Mô hình hóa chế độ quá độ lưới điện trung áp có trung tính cách ly trong các xí nghiệp mỏ | C8: Phạm Trung Sơn | D8: Công nghiệp mỏ | E8: 2016 | F8: CĐ | G8: Tạp chí trong nước
A9: 8 | B9: “Linear motor concept and applications in industrial material handling and processing” | C9: Khổng Cao Phong | D9: Journal of Mining and Earth Sciences (JMES) ISSN: 1859-1469 | E9: 2016 | F9: CĐ | G9: Tạp chí trong nước
A10: 9 | B10: “Mô hình hóa và đề xuất cấu trúc điều khiển động cơ tuyến tính kép” | C10: Khổng Cao Phong | D10: Tạp chí Cơ Khí Việt Nam, ISSN 0866 -7056 | E10: 2016 | F10: CĐ | G10: Tạp chí trong nước
A11: 10 | B11: “Accurate measurement of the thermal and electrical data of high power light emitting diodes - Procedures, difficulties and | C11: Khong Cao Phong, Trinh Quang Vinh, Nguyen Thanh | D11: Tạp chí Điều khiển và tự động hóa, Special issue control and automation, | E11: 2016 | F11: CĐ | G11: Tạp chí trong nước
A12: 11 | B12: Nghiên cứu chuyển động thực tế của các loại chất lỏng khoan khi thi công giếng khoan dầu khí thềm lục địa nam Việt Nam | C12: Phạm Đức Thiên | D12: Tạp chí Khoa học kỹ thuật Mỏ- Địa chất | E12: 2016 | F12: CĐ | G12: Tạp chí trong nước
A13: 12 | B13: Nghiên cứu đặc tính quá độ và thiết lập thời gian chỉnh định Rơ le điện áp thấp cho máy phát điện gió kết nối hệ thống điện | C13: Bùi Đình Thanh, Nguyễn Công Cường, Nguyễn Văn Đoài, Đỗ Duy Hợp, Trịnh Trọng Hưởng, Nguyễn Đức Minh | D13: Tạp chí Công nghiệp mỏ | E13: 2016 | F13: CĐ | G13: Tạp chí trong nước
... A171: 50 | B171: Control of Permanent Magnet Synchronous Motor for Traction Application of Electric Vehicles | C171: Nguyễn Chí Dũng, Uông Quang Tuyến | D171: Hội nghị khoa học toàn quốc về Cơ khí – Điện – Tự động hóa (MEAE2021) | E171: 2022 | F171: CĐ | G171: Hội nghị, hội thảo trong nước
D172: Hội thảo, hội nghị trong nước | G172: =COUNTIF(G2:G171,"Hội nghị, hội thảo trong nước") -> 45
D173: Tạp chí trong nước | G173: =COUNTIF(G2:G171,"Tạp chí trong nước") -> 125
D174: Tổng | G174: =SUM(G172:G173) -> 170

Sheet CNTT 2016-nay
A1: TT | B1: Tên bài báo | C1: Tên tác giả | D1: Tên Hội nghị, hội thảo | E1: Thời gian xuất bản | F1: Khoa | G1: Thể loại
A2: 1 | B2: Đặc điểm quạng hóa một số thân quặng chính khu mỏ đồng Sin Quyền, Lào Cai. | C2: Nguyễn Chí Công, Trương Xuân Luận, Nguyễn Tiến Dũng, Lưu Quốc Dũng | D2: Tạp chí Công nghiệp mỏ | E2: 2016 | F2: CNTT | G2: Tạp chí trong nước
A3: 2 | B3: Kỹ thuật ghép nối ảnh vệ tinh VNREDSat-1 | C3: Nguyễn Trường Xuân,Nguyễn Thị Mai Dung,Trần Thị Hải Vân, Trần Quốc Sự | D3: Tạp chí Khoa học Đo đạc và Bản đồ | E3: 2016 | F3: CNTT | G3: Tạp chí trong nước
A4: 3 | B4: Nghiên cứu đề xuất giải pháp khớp tự động cặp ảnh số | C4: Đào Khánh Hoài, Nguyễn Tuấn Anh, Trần Mai Hương | D4: Tạp chí KHKT Mỏ - Địa chất | E4: 2016 | F4: CNTT | G4: Tạp chí trong nước
A5: 4 | B5: Nghiên cứu và dạy học một số phương pháp đơn giản hóa đường cong trên mô hình dữ liệu Vector cho sinh viên ngành Hệ thông tin địa lý - GIS | C5: Nguyễn Tuấn Anh, Ngô Thị Phương Thảo, Nguyễn Hoàng Long | D5: Tạp chí giáo dục | E5: 2016 | F5: CNTT | G5: Tạp chí trong nước
A6: 5 | B6: Nghiên cứu xây dựng cơ sở dữ liệu trong quản lý nhân sự trên hệ thống Microsoft Access | C6: Đào Thị Thu Vân, Dương Chí Thiện | D6: Tạp chí Thương gia & Thị trường | E6: 2016 | F6: CNTT | G6: Tạp chí trong nước
A7: 6 | B7: Nghiên cứu xây dựng thuật toán xử lý số liệu đo hướng chuẩn | C7: Nguyễn Quang Khánh | D7: Tạp chí Khoa học Đo đạc và Bản đồ | E7: 2016 | F7: CNTT | G7: Tạp chí trong nước
A8: 7 | B8: Phân tích và mô hình hóa dữ liệu cảm biến quán tính của iPhone sử dụng phương sai Allan | C8: Trần Trung Chuyên, Nguyễn Thị Mai Dung Lê Hồng Anh, Nguyễn Trường Xuân, Đào Ngọc Long | D8: Tạp chí KHKT Mỏ - Địa chất | E8: 2016 | F8: CNTT | G8: Tạp chí trong nước
A9: 8 | B9: Phương pháp tính chuyển đổi hệ tọa độ thi công sang hệ tọa độ quốc tế WGS84 tại cảng hàng không quốc tế T2 Nội Bài | C9: Nguyễn Quang Khánh | D9: Tạp chí Công nghiệp mỏ | E9: 2016 | F9: CNTT | G9: Tạp chí trong nước
A10: 9 | B10: Thuật toán nội suy và vẽ mặt cắt địa hình trên mô hình TIN | C10: Nguyễn Quang Khánh | D10: Tạp chí Khoa học Đo đạc và Bản đồ | E10: 2016 | F10: CNTT | G10: Tạp chí trong nước
A11: 10 | B11: Ứng dụng CNTT trong công tác quản lý Tạp chí Khoa học kỹ thuật Mỏ - Địa chất, | C11: Lê Thanh Huệ, Nguyễn Thế Bình, Phạm Quang Hiển | D11: Tạp chí KHKT Mỏ - Địa chất | E11: 2016 | F11: CNTT | G11: Tạp chí trong nước
A12: 11 | B12: Ứng dụng công nghệ thông tin trong đổi mới phương pháp dạy học ở đại học | C12: Vương Thị Như Quỳnh | D12: Tạp chí Thiết bị Giáo dục | E12: 2016 | F12: CNTT | G12: Tạp chí trong nước
A13: 12 | B13: Ứng dụng Công nghệ viễn thám trong thành lập bản đồ lớp phủ mặt đất theo hướng dẫn của IPCC phục vụ công tác giám sát tài nguyên môi trường và biến đổi khí hậu | C13: Trần Tuấn Ngọc, Vũ Thị Tuyết, Nguyễn Thanh Nga, Nông Thị Oanh | D13: Tạp chí Khoa học Đo đạc và Bản đồ | E13: 2016 | F13: CNTT | G13: Tạp chí trong nước
... A130: 52 | B130: Bagging with Randomised Low-Discrepancy Sequences | C130: Đặng Hữu Nghị, Bùi Thị Vân Anh | D130: Công nghệ Thông tin và các lĩnh vực | E130: 2022 | F130: CNTT | G130: Hội nghị, hội thảo trong nước
D131: Hội thảo, hội nghị trong nước | G131: =COUNTIF(G2:G130,"Hội nghị, hội thảo trong nước") -> 42
D132: Tạp chí trong nước | G132: =COUNTIF(G2:G130,"Tạp chí trong nước") -> 87
D133: Tổng | G133: =SUM(G131:G132) -> 129

Sheet Dk 2016-nay
A1: TT | B1: Tên bài báo | C1: Tên tác giả | D1: Tên Hội nghị, hội thảo | E1: Thời gian xuất bản | F1: Khoa | G1: Thể loại
A2: 1 | B2: “Phương pháp địa chấn chiếu sóng theo tia” | C2: Nguyễn Văn Quý, Phan Thiên Hương | D2: Scientific-technical journal of mining and Geology | E2: 2016 | F2: DK | G2: Tạp chí trong nước
A3: 2 | B3: An improvement of thixotropic behavior prediction of bentonite water | C3: Tong Tran Anh, Nguyen The Vinh | D3: Journal of Mining and Earth Sciences | E3: 2016 | F3: DK | G3: Tạp chí trong nước
A4: 3 | B4: Ảnh hưởng của việc bố trí vòi phun định hướng đối với lưu trường dòng chảy đáy giếng của choòng khoan PDC. | C4: Hoàng Anh Dũng, Triệu Hùng Trường | D4: Tạp chí KHKT Mỏ - Địa chất, số 54, 2016, tr 16 - 24 | E4: 2016 | F4: DK | G4: Tạp chí trong nước
A5: 4 | B5: Ảnh hưởng của hiện tượng ngưng tụ condensate đến khả năng cho dòng của giếng khai thác khí | C5: Lê Vũ Quân, Triệu HÙng Trường | D5: Tạp chí KHKT Mỏ - Địa chất | E5: 2016 | F5: DK | G5: Tạp chí trong nước
A6: 5 | B6: Bộ môn Khoan – Khai thác 50 năm đào tạo và phát triển | C6: Trần Đình Kiên | D6: Tạp chí KHKT mỏ địa chất | E6: 2016 | F6: DK | G6: Tạp chí trong nước
A7: 6 | B7: Density-Driven instability of miscible fluids in porous media with horizontal flow | C7: Trieu Hung Truong, J.R. Angilella, C.Oltean, M,Bues | D7: Journal of Mining and Earth Sciences | E7: 2016 | F7: DK | G7: Tạp chí trong nước
A8: 7 | B8: Đánh giá quá trình tách loại lưu huỳnh từ thiên nhiên sử dụng xúc tác W/WCM-41 | C8: Nguyễn Quang Mẫn, Trần Thị Văn Thi, Lê Thiện Trúc, Phạm Xuân Núi | D8: Tạp chí xúc tác và hấp phụ | E8: 2016 | F8: DK | G8: Tạp chí trong nước
A9: 8 | B9: Đánh giá xúc tác tách loại lưu huỳnh từ nhiên liệu sử dụng xúc tác W/MCM-41 | C9: Phạm Xuân Núi và cộng sự | D9: Tạp chí Xúc tác và Hấp phụ | E9: 2016 | F9: DK | G9: Tạp chí trong nước
A10: 9 | B10: Đặc tính hóa thủy động lực của các vỉa chứa nứt nẻ: ứng dụng mô hình các hệ thống nứt nẻ rời rạc | C10: Nguyễn Hải An, Nguyễn Hoàng Đức, Nguyễn Thế Vinh, Lê Xuân Lân. | D10: Tạp chí KHKT mỏ địa chất | E10: 2016 | F10: DK | G10: Tạp chí trong nước
A11: 10 | B11: Đặc tính lý hóa của dầu nhiều Paraffin khai thác tại các mỏ thuộc liên doanh Việt – Nga “Vietsovpetro” | C11: Lê Khánh Huy, Đỗ Dương Phương Thảo, Nguyễn Hoài Vũ, Phan Đức Tuấn, Lê Quang Duyến, Lê Văn Nam. | D11: Tạp chí KHKT mỏ địa chất | E11: 2016 | F11: DK | G11: Tạp chí trong nước
A12: 11 | B12: Đặc tính thủy hóa của động lực của các vỉa nứt nẻ: ứng dụng mô hình các hệ thống nứt nẻ rời rạc | C12: Nguyễn Hải An, Nguyễn Hoàng Đức, Nguyễn Thế Vinh, Lê Xuân Lân. | D12: Tạp chí KHKT Mỏ - Địa chất | E12: 2016 | F12: DK | G12: Tạp chí trong nước
A13: 12 | B13: Điều chế và đặc trưng các hạt nano từ tính phủ (3-aminopropyl) triethoxysilane cho quá trình truyền dẫn thuốc | C13: Phạm Xuân Núi và cộng sự | D13: Tạp chí khoa học Tự nhiên và Công nghệ, Tập 32, Số 4 | E13: 2016 | F13: DK | G13: Tạp chí trong nước
... A200: 55 | B200: Cơ sở lựa chọn chất ức chế của dung dịch khoan để tăng độ ổn định thành giếng khi khoan qua địa tầng chứa sét | C200: Trương Văn Từ, Nguyễn Khắc Long | D200: Tuyển tập công trình khoa học Hội nghị khoa học toàn quốc “Cơ học đá - Những vấn đề đương đại” VIETROCK2021, Hà Nội, 16/10/2021 | E200: 2021 | F200: DK | G200: Hội nghị, hội thảo trong nước
D201: Hội thảo, hội nghị trong nước | G201: =COUNTIF(G2:G200,"Hội nghị, hội thảo trong nước") -> 40
D202: Tạp chí trong nước | G202: =COUNTIF(G2:G200,"Tạp chí trong nước") -> 159
D203: Tổng | G203: =SUM(G201:G202) -> 199

Sheet GDQP 2016-nay
A1: TT | B1: Tên bài báo | C1: Tên tác giả | D1: Tên Hội nghị, hội thảo | E1: Thời gian xuất bản | F1: Khoa | G1: Thể loại
A2: 1 | B2: Giải pháp nâng cao công tác dân vận của Khoa Giáo dục Quốc phòng Trường Đại học Mỏ-Địa chất trong tình hình mới | C2: Vũ Quang Hay | D2: Kỷ yếu HNKH Chính trị, quân sự trong tiến trình nâng cao chất lượng đào tạo đại học hiện nay | E2: 2018 | F2: GDQP | G2: Hội nghị, hội thảo trong nước
A3: 2 | B3: Lối sống thực dụng và ảnh hưởng của nó đến sinh viên trường Đại học Mỏ-Địa chất hiện nay. | C3: Trần Văn Độ | D3: Kỷ yếu HNKH Chính trị, quân sự trong tiến trình nâng cao chất lượng đào tạo đại học hiện nay | E3: 2018 | F3: GDQP | G3: Hội nghị, hội thảo trong nước
A4: 3 | B4: Một số giải pháp đẩy mạnh hoạt động của lực lượng tự vệ trường Đại học Mỏ-Địa chất hiện nay | C4: Phạm Công Tú, Hoàng Xuân Trường | D4: Kỷ yếu HNKH Chính trị, quân sự trong tiến trình nâng cao chất lượng đào tạo đại học hiện nay | E4: 2018 | F4: GDQP | G4: Hội nghị, hội thảo trong nước
A5: 4 | B5: Một số giải pháp nâng cao chất lượng dạy và học cho sinh viên đảm bảo khảo thí môn học Giáo dục quốc phòng - an ninh ở Trường Đại học Mỏ - Địa chất hiện nay. | C5: Trần Bắc Bộ | D5: Kỷ yếu HNKH Chính trị, quân sự trong tiến trình nâng cao chất lượng đào tạo đại học hiện nay | E5: 2018 | F5: GDQP | G5: Hội nghị, hội thảo trong nước
A6: 5 | B6: Nhận diện Hội thánh Đức chúa trời và một số giải pháp phòng tránh sự xâm nhập, lôi kéo sinh viên trường Đại học Mỏ-Địa chất | C6: Vũ Quang Hay | D6: Kỷ yếu HNKH Chính trị, quân sự trong tiến trình nâng cao chất lượng đào tạo đại học hiện nay | E6: 2018 | F6: GDQP | G6: Hội nghị, hội thảo trong nước
A7: 6 | B7: Quán triệt đường lối quân sự của Đảng trong xây dựng lực lượng dân quân tự vệ nhằm đáp ứng yêu cầu, nhiệm vụ cách mạng hiện nay | C7: Phạm Thọ Doàn, Trần Bắc Bộ | D7: Kỷ yếu HNKH Chính trị, quân sự trong tiến trình nâng cao chất lượng đào tạo đại học hiện nay | E7: 2018 | F7: GDQP | G7: Hội nghị, hội thảo trong nước
A8: 7 | B8: Tiếp tục nâng cao chất lượng công tác quản lý giảng dạy môn học giáo dục quốc phòng, an ninh ở Trường Đại học Mỏ-Địa chất theo học chế tín chỉ | C8: Phạm Quốc Đảm | D8: Kỷ yếu HNKH Chính trị, quân sự trong tiến trình nâng cao chất lượng đào tạo đại học hiện nay | E8: 2018 | F8: GDQP | G8: Hội nghị, hội thảo trong nước
A9: 8 | B9: Tư tưởng Hồ Chí Minh về xây dựng Quân đội nhân dân-vận dụng trong xây dựng bản lĩnh chính trị quân đội hiện nay | C9: Nguyễn Văn Quảng | D9: Kỷ yếu HNKH Chính trị, quân sự trong tiến trình nâng cao chất lượng đào tạo đại học hiện nay | E9: 2018 | F9: GDQP | G9: Hội nghị, hội thảo trong nước
A10: 9 | B10: Chủ động phòng chống tệ nạn xã hội trong sinh viên các trường Đại học hiện nay”. | C10: Phạm Quốc Đảm Lê Thị Định | D10: Tạp chí Giáo dục & Xã hội | E10: 2018 | F10: GDQP | G10: Tạp chí trong nước
A11: 10 | B11: “Một số giải pháp giúp sinh viên Trường ĐH Mỏ - Địa chất học tập tốt và yêu thích môn học GDQP&AN”. | C11: Hoàng Xuân Trường | D11: Tạp chí Giáo dục & Xã hội | E11: 2018 | F11: GDQP | G11: Tạp chí trong nước
A12: 11 | B12: Khoa Giáo dục quốc phòng Trường Đại học Mỏ - Địa chất với việc nâng cao chất lượng giảng dạy | C12: Phạm Quốc Đảm | D12: Thông tin KHQS Pháo binh | E12: 2018 | F12: GDQP | G12: Tạp chí trong nước
A13: 12 | B13: “Một vài nét về việc Hải quân Mỹ điều chỉnh chiến lược tác chiến trên biển”. | C13: Nguyễn Văn Phong | D13: Kiến thức quốc phòng hiện đại | E13: 2018 | F13: GDQP | G13: Tạp chí trong nước
... A48: 100 | B48: Bàn về biện pháp nâng cao chất lượng giáo dục quốc phòng và an ninh cho sinh viên Trường Đại học Mỏ - Địa chất | C48: Vũ Quang Hay | D48: Thông tin Khoa học Quân sự | E48: 2022 | F48: GDQP | G48: Tạp chí trong nước
D49: Hội thảo, hội nghị trong nước | G49: =COUNTIF(G2:G48,"Hội nghị, hội thảo trong nước") -> 8
D50: Tạp chí trong nước | G50: =COUNTIF(G2:G48,"Tạp chí trong nước") -> 39
D51: Tổng | G51: =SUM(G49:G50) -> 47

Sheet Kinh te 2016-nay
A1: TT | B1: Tên bài báo | C1: Tên tác giả | D1: Tên Hội nghị, hội thảo | E1: Thời gian xuất bản | F1: Khoa | G1: Thể loại
A2: 1 | B2: Bàn về kế toán lợi thế thương mại trên báo cáo tài chính hợp nhất của Tập đoàn Công nghiệp Than - Khoáng sản Việt Nam | C2: Nguyễn Thị Kim Oanh | D2: Tạp chí Nghiên cứu tài chính kế toán | E2: 2016 | F2: KT | G2: Tạp chí trong nước
A3: 2 | B3: Bàn về những bất cập trong quản trị tài nguyên khoáng sản | C3: Đồng Thị Bích, Nguyễn Cảnh Nam | D3: Tạp chí Than Khoáng sản | E3: 2016 | F3: KT | G3: Tạp chí trong nước
A4: 3 | B4: Bàn về phát triển dịch vụ tín dụng đối với học sinh sinh viên tại phòng giao dịch ngân hàng chính sách xã hội huyện Thuận thành – Bắc Ninh | C4: Dương Thị Nhàn | D4: Tạp chí công thương | E4: 2016 | F4: KT | G4: Tạp chí trong nước
A5: 4 | B5: Các giải pháp nâng cao năng lực cạnh tranh, ứng phó với Biến đổi khí hậu của ngành than để Hội nhập và Phát triển | C5: Nguyễn Cảnh Nam, Nguyễn Ngọc Lân, Nguyễn Thị Hoài Nga | D5: Tuyển tập Hội nghị Khoa học kỹ thuật Mỏ toàn quốc lần thứ 25 | E5: 2016 | F5: KT | G5: Hội nghị, hội thảo trong nước
A6: 5 | B6: Cổ phiếu ngành khoáng sản và thực trạng hoạt động của doanh nghiệp | C6: Nguyễn Ngọc Khánh | D6: Tạp chí Tài chính | E6: 2016 | F6: KT | G6: Tạp chí trong nước
A7: 7 | B7: Chính sách thuế trong thương mại điện tử, kinh nghiệm từ các quốc gia và bài học đối với Việt Nam | C7: Nguyễn Duy Lạc, Bùi Thị Thu Thủy | D7: Tạp chí Kinh tế Châu Á- Thái Bình Dương | E7: 2016 | F7: KT | G7: Tạp chí trong nước
A8: 8 | B8: Doanh nghiệp dệt may cần phải làm gì trước "sóng lớn" TPP? | C8: Nguyễn Ngọc Khánh | D8: Tạp chí Kinh tế và Dự báo | E8: 2016 | F8: KT | G8: Tạp chí trong nước
A9: 9 | B9: Giải pháp phát triển dịch vụ ngân hàng điện tử (E-Bank) | C9: Trần Đình Lợi, Đỗ Hữu Tùng | D9: Tạp chí Khoa học Quản lý & Công nghệ | E9: 2016 | F9: KT | G9: Tạp chí trong nước
A10: 10 | B10: Hoàn thiện hệ thống thông tin phục vụ điều hành sản xuất kinh doanh trong các doanh nghiệp khai thác than | C10: Nguyễn Thị Bích Ngọc, Nguyễn Trọng Tuyên | D10: Hội nghị Khoa học và Kỹ thuật Mỏ toàn quốc lần thứ 25 | E10: 2016 | F10: KT | G10: Hội nghị, hội thảo trong nước
A11: 11 | B11: Hoàn thiện phương pháp phân phối lợi nhuận sau thuế trong các doanh nghiệp nhà nước tại Việt Nam | C11: Nguyễn Ngọc Khánh | D11: Tạp chí Nghiên cứu Kinh tế | E11: 2016 | F11: KT | G11: Tạp chí trong nước
A12: 12 | B12: Hội nhập TPP: DNNN thay đổi như thế nào? | C12: Nguyễn Ngọc Khánh | D12: Tạp chí Tài chính Doanh nghiệp | E12: 2016 | F12: KT | G12: Tạp chí trong nước
A13: 13 | B13: Kiểm toán nội bộ nhìn từ thực tế công ty tuyển than Hòn Gai | C13: Nguyễn Thị Huyền Trang | D13: Tạp chí tài chính | E13: 2016 | F13: KT | G13: Tạp chí trong nước
... A246: 45 | B246: Phát triển chuỗi giá trị ngành điện sử dụng nguồn năng lượng tái tạo | C246: Nguyễn Thị Hồng Loan, Nguyễn Thị Ngọc Anh, Nguyễn Thanh Thảo | D246: Kỷ yếu Hội thảo khoa học quốc gia: Giải pháp chính sách hỗ trợ phát triển các tổ chức trung gian trên thị trường khoa học và công nghệ Viêt Nam | E246: 2020 | F246: KT | G246: Hội nghị, hội thảo trong nước
D247: Hội thảo, hội nghị trong nước | G247: =COUNTIF(G2:G246,"Hội nghị, hội thảo trong nước") -> 13
D248: Tạp chí trong nước | G248: =COUNTIF(G2:G246,"Tạp chí trong nước") -> 232
D249: Tổng | G249: =SUM(G247:G248) -> 245

Sheet KHCB 2016-nay
A1: TT | B1: Tên bài báo | C1: Tên tác giả | D1: Tên Hội nghị, hội thảo | E1: Thời gian xuất bản | F1: Khoa | G1: Thể loại
A2: 1 | B2: Bài toán quan sát đa mục tiêu: sự tồn tại lời giải tối ưu và thuật toán Kalman tìm nghiệm theo ngưỡng xác định | C2: Nguyễn Thị Hằng, Nguyễn Hải Nam | D2: Ngày thống kê 2016: Một số kết quả chọn lọc về biến đổi khí hậu, địa chất và chất lượng cuộc sống | E2: 2016 | F2: KHCB | G2: Hội nghị, hội thảo trong nước
A3: 2 | B3: Bài toán quan sát mục tiêu: Sự tồn tại lời giải tối ưu và thuật toán Kalman tìm nghiệm theo ngưỡng xác định | C3: Nguyễn Thị Hằng, Nguyễn Hải Nam | D3: Tạp chí Nghiên cứu Khoa học và Công nghệ Quân sự | E3: 2016 | F3: KHCB | G3: Hội nghị, hội thảo trong nước
A4: 3 | B4: Cấu tạo tinh thể nano dạng lõi/ vỏ Au/ PdS bằng phương pháp siêu âm | C4: Trần Thị Hà, Nguyễn Việt Tuyên, Sái Công Doanh | D4: Hội nghị khoa học Khoa vật lý, Đại học Khoa học tự nhiên Hà Nội (29/10/2016) | E4: 2016 | F4: KHCB | G4: Hội nghị, hội thảo trong nước
A5: 4 | B5: Chế tạo dây nano CuO định hướng bằng phương pháp oxy hóa | C5: Trần Thị Hà, Bùi Thị Huyền, Nguyễn Việt Tuyên | D5: Hội nghị khoa học Khoa vật lý, Đại học Khoa học tự nhiên Hà Nội (29/10/2016) | E5: 2016 | F5: KHCB | G5: Hội nghị, hội thảo trong nước
A6: 5 | B6: Chế tạo vật liệu Cu2ZnSnS4 bằng phương pháp thủy nhiệt | C6: Phạm Thị Hồng, Nguyễn Việt Tuyên, Trần Thị Hà | D6: Hội nghị khoa học Khoa vật lý, Đại học Khoa học tự nhiên Hà Nội (29/10/2016) | E6: 2016 | F6: KHCB | G6: Hội nghị, hội thảo trong nước
A7: 6 | B7: Effect of co-doped Rare-Earth and Transition-Metal ions on structural, optical and magnetic properties of BiFeO3 materials | C7: Dao Viet Thang, Du T. Xuan Thao, Ngo T. Cam Linh, Nguyen Van Minh | D7: Tạp chí Khoa học và Công nghệ | E7: 2016 | F7: KHCB | G7: Tạp chí trong nước
A8: 7 | B8: Flavones and lignanes from Glochition abliquum Decne | C8: Vu Kim Thu, Nguyen Van Thang, Hoang Le Tuan Anh, Nguyen Xuan Nhiem, Dan Thi Thuy Hang, Phan Van Kiem | D8: Tạp chí Hóa học Việt Nam | E8: 2016 | F8: KHCB | G8: Tạp chí trong nước
A9: 8 | B9: Flavonoid glycosides from Viscum album | C9: Vu Kim Thu, Nguyen Thi Kim Thoa, Phan Van Kiem | D9: Tạp chí Hóa học Việt Nam | E9: 2016 | F9: KHCB | G9: Tạp chí trong nước
A10: 9 | B10: Giáo dục thể chất cho sinh viên Trường Đại học Mỏ-Địa chất trong bối cảnh hội nhập | C10: Thái Việt Hưng | D10: Tạp chí Thiết bị Giáo dục | E10: 2016 | F10: KHCB | G10: Tạp chí trong nước
A11: 10 | B11: Giáo dục thể chất gắn với giáo dục kỹ năng sống xu hướng mới góp phần thay đổi nhận thức của xã hội | C11: Nguyễn Quang Huy, Lã Ngọc Linh | D11: Tạp chí Thể thao | E11: 2016 | F11: KHCB | G11: Tạp chí trong nước
A12: 11 | B12: Investigation on electrochemical methods for trace metal speciation in natural seawater samples | C12: Trịnh Xuân Gian, Le Duc Liem, Duong Thi Tu Anh, Vu Duc Loi, Trinh Hong Quan | D12: Tạp chí Khoa học và Công nghệ | E12: 2016 | F12: KHCB | G12: Tạp chí trong nước
A13: 12 | B13: Liên tưởng bài toán hình học với tình huống thực tế trong dạy học môn toán ở trường trung học phổ thông | C13: Vũ Hữu Tuyên | D13: Tạp chí Giáo dục | E13: 2016 | F13: KHCB | G13: Tạp chí trong nước
... A314: 42 | B314: A Study on the Dispersion Relations of the Left-hand Time-Modulated Metamaterial Waveguide Using Periodic Circuit Theory | C314: Ngoc Hung Phi, Bùi Hữu Nguyên, Alsaadi Abdulrahma, Jong-Wook Lee | D314: The Korean Institute of Communications and Information Sciences | E314: 2022 | F314: KHCB | G314: Hội nghị, hội thảo trong nước
D315: Hội thảo, hội nghị trong nước | G315: =COUNTIF(G2:G314,"Hội nghị, hội thảo trong nước") -> 89
D316: Tạp chí trong nước | G316: =COUNTIF(G2:G314,"Tạp chí trong nước") -> 224
D317: Tổng | G317: =SUM(G315:G316) -> 313

Sheet KHKTDC 2016-nay
A1: TT | B1: Tên bài báo | C1: Tên tác giả | D1: Tên Hội nghị, hội thảo | E1: Thời gian xuất bản | F1: Khoa | G1: Thể loại
A2: 1 | B2: Ảnh hưởng của các yếu tố địa chất mỏ đến công tác cơ giới hóa trong khai thác mỏ than Khe Chàm I, Quảng Ninh | C2: Khương Thế Hùng, Nguyễn Văn Lâm, Nguyễn Tiến Dũng, Trịnh Ngọc Tú | D2: Tạp chí Công nghiệp Mỏ | E2: 2016 | F2: KHKTĐC | G2: Tạp chí trong nước
A3: 2 | B3: Cấu trúc địa chất, địa chất thủy văn và quá trình hình thành thấu kính nước nhạt trong trầm tích Đệ tứ phía nam đồng bằng Bắc Bộ | C3: Nguyễn Văn Lâm, Hoàng Văn Hoan | D3: Tạp chí Địa chất, loạt A | E3: 2016 | F3: KHKTĐC | G3: Tạp chí trong nước
A4: 3 | B4: Ðặc điểm và Quy luật phân bố trầm tích tầng mặt đáy biển ven bờ tỉnh Bình Ðịnh | C4: Hoàng Văn Long và nnk | D4: Tạp chí Ðịa chất | E4: 2016 | F4: KHKTĐC | G4: Tạp chí trong nước
A5: 4 | B5: Digital elevation model applied to geological structural interpretation: a case study of the Dien Bien area in northwestern Vietnam | C5: Khương Thế Hùng | D5: Journal of Mining and Earth Sciences | E5: 2016 | F5: KHKTĐC | G5: Tạp chí trong nước
A6: 5 | B6: Distribution and potential of the titanium, zircon and rare earth minerals in coastal placer, south Suoi Nhum, Binh Thuan province | C6: Luong Quang Khang, Khuong The Hung | D6: Journal of Mining and Earth Sciences | E6: 2016 | F6: KHKTĐC | G6: Tạp chí trong nước
A7: 6 | B7: Đánh giá độ sâu bóc mòn của các xâm nhập granitoid trên cơ sở nghiên cứu các thành tạo biến chất tiếp xúc nhiệt, biến chất trao đổi và một số ví dụ trên lãnh thổ Việt Nam. | C7: Lê Tiến Dũng, Nguyễn Khắc Giảng, Phạm Trường Sinh | D7: Hội thảo khoa học Phương pháp đánh giá khoáng sản các cấu trúc tiềm năng khoáng sản ẩn sâu ở Việt Nam do Tổng hội Địa chất Việt Nam-Tổng cục Địa chất và khoáng sản Việt Nam tổ chức | E7: 2016 | F7: KHKTĐC | G7: Hội nghị, hội thảo trong nước
A8: 7 | B8: Đánh giá phân bố và tiềm năng tài nguyên của các kiểu mỏ đất hiếm ở Việt Nam | C8: Lương Quang Khang, Khương Thế Hùng | D8: Chuyên đề Tài nguyên đất hiếm trên thế giới và hiện trạng môi trường nền mỏ đất hiếm Nậm Xe, Việt Nam | E8: 2016 | F8: KHKTĐC | G8: Tạp chí trong nước
A9: 8 | B9: Đánh giá tiềm năng nguồn nước Karst khu vực khan hiếm nước | C9: Nguyễn Văn Lâm, Đào Đức Bằng, Phạm Hoàng Anh, Vũ Thu Hiền | D9: Hội thảo khoa học Nha Trang (Viện KH Thủy lợi chủ trì | E9: 2016 | F9: KHKTĐC | G9: Hội nghị, hội thảo trong nước
A10: 9 | B10: Đánh giá tính bền vững tài chính tại Tập đoàn Công nghiệp Than - Khoáng sản Việt Nam | C10: Phí Thị Kim Thư, Phí Quang Hải | D10: Tạp chí Khoa học Thương Mại | E10: 2016 | F10: KHKTĐC | G10: Tạp chí trong nước
A11: 10 | B11: Đặc điểm cấu trúc - kiến tạo vùng ven bờ Quảng Ngãi – Bình Định | C11: Trần Thanh Hải và nnk. | D11: Tạp chí Địa chất | E11: 2016 | F11: KHKTĐC | G11: Tạp chí trong nước
A12: 11 | B12: Đặc điểm đứt gãy Tân kiến tạo – kiến tạo hiện đại vùng đồng bằng ven biển tỉnh Quảng Nam và ảnh hưởng của chúng đến tích tụ trầm tích Đệ tứ | C12: Trần Thanh Hải và nnk. | D12: Tạp chí Địa chất | E12: 2016 | F12: KHKTĐC | G12: Tạp chí trong nước
A13: 12 | B13: Đặc điểm chất lượng và khả năng sử dụng đá sét khu vực Khe Non, tỉnh Hà Nam làm nguyên liệu xi măng | C13: Lương Quang Khang, Bùi Hoàng Bắc và nnk | D13: Tạp chí Công nghiệp mỏ | E13: 2016 | F13: KHKTĐC | G13: Tạp chí trong nước
... A261: 13 | B261: Integrated swat-modflow model to study saltwater intrusion in da nang coastal area | C261: Nguyễn Bách Thảo, Thi Văn Lê Khoa | D261: Kỷ yếu Hội nghị khoa học toàn quốc ACEA-VIETGEO 2021, Địa chất công trình - Địa kỹ thuật và xây dựng phục vụ phát triển bền vững khu vực miền trung và tây nguyên. | E261: 2022 | F261: KHKTĐC | G261: Hội nghị, hội thảo trong nước
D262: Hội thảo, hội nghị trong nước | G262: =COUNTIF(G2:G261,"Hội nghị, hội thảo trong nước") -> 85
D263: Tạp chí trong nước | G263: =COUNTIF(G2:G261,"Tạp chí trong nước") -> 175
D264: Tổng | G264: =SUM(G262:G263) -> 260

Sheet LLCT 2016-nay
A1: TT | B1: Tên bài báo | C1: Tên tác giả | D1: Tên Hội nghị, hội thảo | E1: Thời gian xuất bản | F1: Khoa | G1: Thể loại
A2: 1 | B2: Phương pháp phân tích thực tiễn trong Đường cách mệnh | C2: Trần Thị Phúc An | D2: Xây dựng Đảng | E2: 2017 | F2: LLCT | G2: Tạp chí trong nước
A3: 2 | B3: Huấn luyện lý luận cho cán bộ trong "Sửa đổi lối làm việc" | C3: Trần Thị Phúc An | D3: Xây dựng Đảng(điện tử) | E3: 2017 | F3: LLCT | G3: Tạp chí trong nước
A4: 3 | B4: Sử dụng dịch vụ và gánh nặng tài chính trong chăm sọc sức khỏe của người cao tuổi ở Việt Nam | C4: Giang Thanh Long, Phí Mạnh Phong | D4: Nghiên cứu kinh tế | E4: 2017 | F4: LLCT | G4: Tạp chí trong nước
A5: 4 | B5: Cơ hội và thách thức đối với sinh viên Việt Nam trong quá trình hội nhập quốc tế hiện nay | C5: Đỗ Thị Vân Hà | D5: Giáo dục và xã hội | E5: 2017 | F5: LLCT | G5: Tạp chí trong nước
A6: 5 | B6: Tư tưởng Pháp trị trong tác phẩm “Đại Việt sử ký toàn thư” | C6: Nguyễn Bình Yên, Lê Quốc Hiệp | D6: Tạp chí Triết học | E6: 2017 | F6: LLCT | G6: Tạp chí trong nước
A7: 6 | B7: Đóng góp của Đại tướng Văn Tiến Dũng trong Hội nghị quân sự Trung Giã và Ủy ban liên hiệp Trung ương thi hành hiệp định Giơnevơ | C7: Đặng Thị Thanh Trâm | D7: Dân quân tự vệ- Giáo dục quốc phòng | E7: 2017 | F7: LLCT | G7: Tạp chí trong nước
A8: 7 | B8: Trước thềm bầu cử tổng thống nhiệm kỳ 2017-2022 và một số nét về phương thức lãnh đạo của Đảng cầm quyền ở Pháp | C8: Nguyễn Thị Bích Lệ | D8: Xây dựng Đảng | E8: 2017 | F8: LLCT | G8: Tạp chí trong nước
A9: 8 | B9: Nâng cao năng lực tư duy lý luận cho giảng viên lý luận chính trị Trường Đại học Mỏ - Địa chất | C9: Đặng Thị Thanh Trâm | D9: HNKH CBES2 | E9: 2018 | F9: LLCT | G9: Hội nghị, hội thảo trong nước
A10: 9 | B10: Các yếu tố chi phối đến sự hình thành, phát triển nhân cách của sinh viên trong giai đoạn hiện nay | C10: Trần Thị Lan Hương, Nguyễn Thu Hương | D10: HNKH CBES3 | E10: 2018 | F10: LLCT | G10: Hội nghị, hội thảo trong nước
A11: 10 | B11: Giáo dục đạo đức cho sinh viên Trường Đại học Mỏ - Địa chất hiện nay | C11: Nguyễn Thị Thu Hương | D11: HNKH CBES4 | E11: 2018 | F11: LLCT | G11: Hội nghị, hội thảo trong nước
A12: 11 | B12: Giáo dục tư tưởng Hồ Chí Minh về "Trung với nước, hiếu với dân" cho sinh viên Trường Đại học Mỏ - Địa chất | C12: Nguyễn Thị Kim Dung | D12: HNKH CBES5 | E12: 2018 | F12: LLCT | G12: Hội nghị, hội thảo trong nước
A13: 12 | B13: Kiểm soát pháp lý đối với robot trí tuệ nhân tạo | C13: Đào Thị Tuyết | D13: HNKH CBES6 | E13: 2018 | F13: LLCT | G13: Hội nghị, hội thảo trong nước
... A137: 41 | B137: Phát huy sức mạnh mềm văn hóa góp phần xây dựng chủ nghĩa xã hội ở Việt Nam hiện nay | C137: Đỗ Thị Vân Hà | D137: Xây dựng CNXH ở Việt Nam: Lý luận và thực tiễn | E137: 2022 | F137: LLCT | G137: Hội nghị, hội thảo trong nước
D138: Hội thảo, hội nghị trong nước | G138: =COUNTIF(G2:G137,"Hội nghị, hội thảo trong nước") -> 79
D139: Tạp chí trong nước | G139: =COUNTIF(G2:G137,"Tạp chí trong nước") -> 57
D140: Tổng | G140: =SUM(G138:G139) -> 136

Sheet Mỏ 2016-nay
A1: TT | B1: Tên bài báo | C1: Tên tác giả | D1: Tên Hội nghị, hội thảo | E1: Thời gian xuất bản | F1: Khoa | G1: Thể loại
A2: 1 | B2: Đánh giá khả năng sử dụng công nghệ vận tải đất đá bằng liên hợp ô tô - băng tải dốc có hệ thống băng nén cho các mỏ than lộ thiên sâu Việt Nam. | C2: Đỗ Ngọc Tước, Bùi Xuân Nam, Nguyễn Phụ Vụ | D2: Hội nghị KHKT mỏ toàn quốc lần thứ XXV | E2: 2016 | F2: Mỏ | G2: Hội nghị, hội thảo trong nước
A3: 2 | B3: Đề xuất sơ đồ công nghệ, thiết bị cơ giới hóa khai thác cho điều kiện vỉa dày, dốc thoải vùng Cẩm Phả-Quảng Ninh | C3: Nguyễn Văn Thinh, Bùi Đình Thanh, Bùi Mạnh Tùng, Trần Bảo Ngọc, Nguyễn Văn Dũng, Akhom Sailath | D3: Hội nghị KHKT mỏ toàn quốc lần thứ XXV | E3: 2016 | F3: Mỏ | G3: Hội nghị, hội thảo trong nước
A4: 3 | B4: Hiện trạng thông gió mỏ hầm lò vùng Quảng Ninh và định hướng trong tương lai | C4: Đặng Vũ Chí, Nguyễn Cao Khải | D4: Hội nghị KHKT mỏ toàn quốc lần thứ XXV | E4: 2016 | F4: Mỏ | G4: Hội nghị, hội thảo trong nước
A5: 4 | B5: Kết quả áp dụng một số loại giàn chống trong lò chợ cơ giới hóa một số mỏ hầm lò vùng Quảng Ninh | C5: Đặng Vũ Chí, Nông Việt Hùng, Đỗ Anh Sơn | D5: Hội nghị KHKT mỏ toàn quốc lần thứ XXV | E5: 2016 | F5: Mỏ | G5: Hội nghị, hội thảo trong nước
A6: 5 | B6: Khả năng sử dụng công nghệ mới trong phá vỡ đất đá và khoáng sản rắn ở Việt Nam | C6: Trần Xuân Hà, Đào Văn Chi | D6: Hội nghị KHKT mỏ toàn quốc lần thứ XXV | E6: 2016 | F6: Mỏ | G6: Hội nghị, hội thảo trong nước
A7: 6 | B7: Nghiên cứu công nghệ tuyển thu hồi than sạch trong đất đá lẫn than ở các bãi thải tạm thuộc công ty cổ phần than Đèo Nai - Vínacomin | C7: Nhữ Thị Kim Dung, Phạm Văn Luận | D7: Hội nghị KHKT mỏ toàn quốc lần thứ XXV | E7: 2016 | F7: Mỏ | G7: Hội nghị, hội thảo trong nước
A8: 7 | B8: Nghiên cứu đề xuất các giải pháp kỹ thuật nhằm nâng cao hiệu quả khai thác lò chợ cơ giới hóa 11-1.14 vỉa 11 mỏ Hà Lầm | C8: Phạm Đức Hưng, Nguyễn Văn Quang | D8: Hội nghị KHKT mỏ toàn quốc lần thứ XXV | E8: 2016 | F8: Mỏ | G8: Hội nghị, hội thảo trong nước
A9: 8 | B9: Nghiên cứu đề xuất giải pháp giảm thiểu ảnh hưởng của nước đến công tác khai thác vỉa 12, mỏ than Bắc Cọc Sáu | C9: Nguyễn Văn Thịnh, Trần Văn Thanh, Nguyễn Hồng Cường | D9: Hội nghị KHKT mỏ toàn quốc lần thứ XXV | E9: 2016 | F9: Mỏ | G9: Hội nghị, hội thảo trong nước
A10: 9 | B10: Nghiên cứu quá trình hạ trần thu hồi than nóc bằng mô hình số cho điều kiện hệ thống khai thác lò dọc vỉa phân tầng sử dụng giàn chống tự hành KDT-2 tại mỏ Hà Ráng | C10: Nhữ Việt Tuấn, Đỗ Mạnh Phong, Nguyễn Anh Tuấn, Lê Đức Nguyên, Đinh Văn Cường | D10: Hội nghị KHKT mỏ toàn quốc lần thứ XXV | E10: 2016 | F10: Mỏ | G10: Hội nghị, hội thảo trong nước
A11: 10 | B11: Nghiên cứu quy luật hiện tượng lở gương trong lò chợ khai thác cơ giới hóa đồng bộ thu hồi than nóc và các biện pháp phòng ngừa | C11: Vũ Trung Tiến, Đỗ Anh Sơn | D11: Hội nghị KHKT mỏ toàn quốc lần thứ XXV | E11: 2016 | F11: Mỏ | G11: Hội nghị, hội thảo trong nước
A12: 11 | B12: Nghiên cứu tuyển một số mẫu than 0,5-6mm vùng Quảng Ninh trên thiết bị tuyển nổi tầng sôi phòng thí nghiệm | C12: Nguyễn Hoàng Sơn, Phạm Thị Nhung, Nguyễn Thị Thanh | D12: Hội nghị KHKT mỏ toàn quốc lần thứ XXV | E12: 2016 | F12: Mỏ | G12: Hội nghị, hội thảo trong nước
A13: 12 | B13: Nghiên cứu thuật toán xếp hàng và khả năng ứng dụng của nó trên các mỏ lộ thiên ở Việt Nam. | C13: Đoàn Trọng Luật, Bùi Xuân Nam, Nguyễn Hoàng | D13: Hội nghị KHKT mỏ toàn quốc lần thứ XXV | E13: 2016 | F13: Mỏ | G13: Hội nghị, hội thảo trong nước
... A262: 123 | B262: Giải pháp khai thác hợp lý cho vỉa dầy dốc đứng khu cánh Đông - Công ty cổ phần than Mông Dương | C262: Phạm Đức Hưng, Đỗ ANh Sơn, Vũ Trung Tiến, Đinh Thị Thanh Nhàn | D262: Tuyển tập hội nghị khoa học toan quốc lần thứ XXVII ‘’Khoa học công nghệ Mỏ- Những thành tựu và phương hướng phát triển’’ | E262: 2020 | F262: Mỏ | G262: Hội nghị, hội thảo trong nước
D263: Hội thảo, hội nghị trong nước | G263: =COUNTIF(G2:G262,"Hội nghị, hội thảo trong nước") -> 86
D264: Tạp chí trong nước | G264: =COUNTIF(G2:G262,"Tạp chí trong nước") -> 175
D265: Tổng | G265: =SUM(G263:G264) -> 261

Sheet MT 2016-nay
A1: TT | B1: Tên bài báo | C1: Tên tác giả | D1: Tên Hội nghị, hội thảo | E1: Thời gian xuất bản | F1: Khoa | G1: Thể loại
A2: 1 | B2: Các tác động đến môi trường từ hoạt động khai thác và chế biến khoáng sản | C2: Đỗ Văn Bình | D2: Hội thảo với chuyên gia Nhật Bản (JICA) do Cục Kiểm soát ô nhiễm – Bộ Tài nguyên và Môi trường tổ chức tháng 6/2016. | E2: 2016 | F2: MT | G2: Hội nghị, hội thảo trong nước
A3: 2 | B3: Creating nitrogen modified TiO2 nano material by ure covered on laterite apply to treat organic compound and bacteria in the outflow of biological treatsystem | C3: Nguyen Hoang Nam, Nguyen Hoang Hiep, Tran Thi Hong, Nguyen Thi Thanh Huong | D3: Jounal of Science in HNUE DOI: 10.18173/2354-1059.2015-00082 Chemical and biological Sci.2016, Vol.61, No.9 | E3: 2016 | F3: MT | G3: Tạp chí trong nước
A4: 3 | B4: Study of supporting electrolytes background of KCL - Acetate buffer - NH4Ac for simultaneously of Zn2+, Cd 2+, Cu2+, Pb2+ in acid mine drainage Mao Khe - Quang Ninh by anodic stripping voltammetry at hanging mercury drop electrode | C4: Nguyen Hoang Nam, Tran Thi Hong Van, Nguyen Thi Thanh Huong | D4: Jounal of Science in HNUE DOI: 10.18173/2354-1059.2015-00082 Chemical and biological Sci.2016, Vol.61, No.9 | E4: 2016 | F4: MT | G4: Tạp chí trong nước
A5: 4 | B5: Xác lập chỉ tiêu tính trữ lượng quặng có thu hồi thành phần có ích đi kèm - ví dụ mỏ đồng Sin quyền, Lào Cai- Viện Khoa học Địa chất và Khoáng sản. | C5: Nguyễn Phương, Nguyễn Thị Cúc | D5: Kỷ niệm 50 năm thành lập Viện Địa chất và khoáng sản | E5: 2016 | F5: MT | G5: Hội nghị, hội thảo trong nước
A6: 5 | B6: Ảnh hưởng của vật liệu nano bạc đến sinh trưởng của bèo Lemna sp. | C6: Trần Thị Thu Hương, Đặng Đình Kim, Hà Phương Thư, Hồ Tú Cường, Nguyễn Trung Kiên, Nguyễn Thị Thúy, Trần Thị Kim Hà, Trần Hồng Hà, Dương Thị Thủy | D6: Tạp chí Công nghệ Sinh học | E6: 2016 | F6: MT | G6: Tạp chí trong nước
A7: 6 | B7: Đánh giá giá trị kinh tế tài nguyên đá hoa khu vực Quỳ Hợp, tỉnh Nghệ An. | C7: Nguyễn Phương, Nguyễn Thị Cúc | D7: Tạp chí công nghiệp mỏ, | E7: 2016 | F7: MT | G7: Tạp chí trong nước
A8: 7 | B8: Nghiên cứu mối quan hệ thủy lực giữa nước biển với nước dưới đất tỉnh Thái Bình | C8: Trần Thị Thanh Thủy | D8: Tạp chí Địa kỹ thuật | E8: 2016 | F8: MT | G8: Tạp chí trong nước
A9: 8 | B9: Nghiên cứu ảnh hưởng của lượng mưa đến tài nguyên nước dưới đất tỉnh Thái Bình | C9: Trần Thị Thanh Thủy | D9: Tạp chí khí tượng thủy văn | E9: 2016 | F9: MT | G9: Tạp chí trong nước
A10: 9 | B10: Nghiên cứu đề xuất mô hình toán tin để liên kết đồng danh các vỉa than bằng tổ hợp các thông số địa chất - địa vật lý ở bể than sông Hồng | C10: Nguyễn Phương &nnk | D10: Tạp chí KHKT Mỏ - Địa chất | E10: 2016 | F10: MT | G10: Tạp chí trong nước
A11: 10 | B11: Nghiên cứu nguy cơ lũ quét và đánh giá mức độ an toàn các công trình hồ chứa nước tại khu vực Tương Dương, Nghệ An | C11: Nguyễn Quốc Phi, Nguyễn Thu Thủy, Mai Khánh Phương, Hoàng Thị Hà, Nguyễn Thị Hòa và Trần Thị Bảo Thoa | D11: Tạp chí Khoa học ĐH Sư phạm Hà Nội, Khoa học tự nhiên 61, pp.143-151 | E11: 2016 | F11: MT | G11: Tạp chí trong nước
A12: 11 | B12: Vât liệu Nano đóng vai trò kiểm soát sư bùng nổ của vi khuẩn Lam | C12: Trần Thi Thu Hương, Nguyễn Trung Kiên, Nguyễn Thị Thủy, Hà Phương Thu, Lê Thị Phương Quỳnh, Đỗ Văn Bình, Đinh Thị Hải Vân, Trịnh Quang Huy, Dương Thị Thủy. | D12: Tap chí môi trường Việt Nam | E12: 2016 | F12: MT | G12: Tạp chí trong nước
A13: 12 | B13: Nghiên cứu đánh giá hiện trạng ô nhiễm môi trường không khí khu mỏ đất hiếm Nậm Xe, Phong Thổ, Lai Châu | C13: Phan Quang Văn, Đào Trung Thành, Đặng Thị Ngọc Thủy, Trịnh Đình Huấn | D13: Tạp chí Công nghiệp mỏ | E13: 2017 | F13: MT | G13: Tạp chí trong nước
... A198: 25 | B198: Đánh giá hiện trạng và dự báo các nguồn thải nước thải trên địa bàn tỉnh sơn la đến 2025 | C198: Nguyễn Mai Hoa | D198: Kỷ yếu Hội thảo Khoa học toàn quốc Địa chất công trình - Địa kỹ thuật và Xây dựng phục vụ phát triển bền vững khu vực miền Trung và Tây Nguyên (ACEA-VIETGEO 2021) | E198: 2022 | F198: MT | G198: Hội nghị, hội thảo trong nước
D199: Hội thảo, hội nghị trong nước | G199: =COUNTIF(G2:G198,"Hội nghị, hội thảo trong nước") -> 82
D200: Tạp chí trong nước | G200: =COUNTIF(G2:G198,"Tạp chí trong nước") -> 115
D201: Tổng | G201: =SUM(G199:G200) -> 197

Sheet TĐ 2016-nay
A1: TT | B1: Tên bài báo | C1: Tên tác giả | D1: Tên Hội nghị, hội thảo | E1: Thời gian xuất bản | F1: Khoa | G1: Khoa
A2: 1 | B2: Nghiên cứu chỉ số dễ bị tổn thương xã hội do ngập tại xã Tam Thôn Hiệp, huyện Cần Giờ | C2: Trần Thị Kim, Nguyễn Thị Thụy Hằng, Lieou Kiến Chính, Trà Nguyễn Quỳnh Nga, Nguyễn Văn Lợi, Nguyễn Thị Bảy | D2: Tạp chí Khoa học Trẻ | E2: 2016 | F2: TĐ | G2: Tạp chí trong nước
A3: 2 | B3: Phân tích, dự báo dịch chuyển và biến dạng do khai thác mỏ hầm lò trên mô hình địa cơ | C3: Phạm Văn Chung, Vương Trọng Kha | D3: Hội nghị Khoa học và Công nghệ Mỏ toàn quốc lần thứ XXV, Cửa Lò, | E3: 2016 | F3: TĐ | G3: Hội nghị, hội thảo trong nước
A4: 3 | B4: Đánh giá khả năng ứng dụng máy kinh vĩ con quay phục vụ công tác chuyền phương vị xuống giếng đứng tại mỏ Hà Lầm | C4: Lê Văn Cảnh | D4: Hội nghị Khoa học và Công nghệ Mỏ toàn quốc lần thứ XXV, Cửa Lò, 8.2016 | E4: 2016 | F4: TĐ | G4: Hội nghị, hội thảo trong nước
A5: 4 | B5: Đánh giá khả năng ứng dụng công nghệ GNSS nhằm thay đổi mạng lưới khống chế trắc địa ở vùng mỏ | C5: Phạm Công Khải | D5: Hội nghị Khoa học và Công nghệ Mỏ toàn quốc lần thứ XXV, Cửa Lò, 8.2016 | E5: 2016 | F5: TĐ | G5: Hội nghị, hội thảo trong nước
A6: 5 | B6: Đề xuất giải pháp tối ưu xây dựng trụ bảo vệ các công trình trên bề mặt mỏ khai thác bằng phương pháp hầm lò | C6: Vương Trọng Kha, Nguyễn Quốc Long | D6: Hội nghị Khoa học và Công nghệ Mỏ toàn quốc lần thứ XXV, Cửa Lò, 8.2016 | E6: 2016 | F6: TĐ | G6: Hội nghị, hội thảo trong nước
A7: 6 | B7: Hệ thống hóa các yếu tố ảnh hưởng đến tính chất của quá trình dịch chuyển đất đá do khai thác than hầm lò | C7: Nguyễn Quốc Long, Vương Trọng Kha | D7: Hội nghị Khoa học và Công nghệ Mỏ toàn quốc lần thứ XXV, Cửa Lò, 8.2016 | E7: 2016 | F7: TĐ | G7: Hội nghị, hội thảo trong nước
A8: 7 | B8: Nghiên cứu ứng dụng chỉ số khô hạn nhiệt độ thực vật TVDI trong đánh giá ảnh hưởng của quá trình khai thác khoáng sản đến tình trạng hạn hán khu vực mỏ sắt Thạch Khê, tỉnh Hà Tĩnh | C8: Trịnh Lê Hùng, Vũ Danh Tuyên, Vương Trọng Kha | D8: Hội nghị Khoa học và Công nghệ Mỏ toàn quốc lần thứ XXV, Cửa Lò, 8.2016 | E8: 2016 | F8: TĐ | G8: Hội nghị, hội thảo trong nước
A9: 8 | B9: Ứng dụng phương pháp đo GNSS/CORS/RTK trong quan trắc thường xuyên quá trình dịch chuyển và biến dạng bãi thải | C9: Nguyễn Viết Nghĩa, Võ Chí Mỹ | D9: Hội nghị Khoa học và Công nghệ Mỏ toàn quốc lần thứ XXV, Cửa Lò, 8.2016 | E9: 2016 | F9: TĐ | G9: Hội nghị, hội thảo trong nước
A10: 9 | B10: Ứng dụng công nghệ laser mặt đất giám sát quá trình dịch chuyển đất đá và biến dạng phục vụ dự báo và cảnh báo lạt lở bãi thải | C10: Võ Ngọc Dũng | D10: Hội nghị Khoa học và Công nghệ Mỏ toàn quốc lần thứ XXV, Cửa Lò, 8.2016 | E10: 2016 | F10: TĐ | G10: Hội nghị, hội thảo trong nước
A11: 10 | B11: Các tham số trong thuật toán nắn ảnh RADAR | C11: Trần Thanh Hà | D11: Hội nghị khoa học và công nghệ: Đo đạc và bản đồ với ứng phó biến đổi khí hậu | E11: 2016 | F11: TĐ | G11: Hội nghị, hội thảo trong nước
A12: 11 | B12: Phương pháp chuyển đổi thông số đơn vị làm việc khi biên tập bản đồ địa chính | C12: Phạm Thế Huynh, Trần Thùy Dương, Phạm Thị Kim Thoa, Trần Đình Thành, Lê Quang Hùng | D12: Hội nghị khoa học và công nghệ: Đo đạc và bản đồ với ứng phó biến đổi khí hậu | E12: 2016 | F12: TĐ | G12: Hội nghị, hội thảo trong nước
A13: 12 | B13: Sectional diagram of dynamic subsidence trough at the Mong Duong coal mine: Evaluation and prediction | C13: Nguyễn Quốc Long | D13: Journal of Mining and Earth Sciences | E13: 2016 | F13: TĐ | G13: Tạp chí trong nước
... A370: 2 | B370: Quan trắc chuyển dịch ngang công trình nhà cao tầng bằng máy quét laser: So sánh giữa máy quét loại pha và loại xung | C370: Phạm Trung Dũng, Nguyễn Như Tuấn Anh, Nguyễn Văn Hùng, Cao Xuân Cường | D370: Hội nghị khoa học toàn quốc: Nghiên cứu ứng dụng, phát triển hạ tầng dữ liệu không gian địa lý quốc gia: Vài trò của công nghệ đo đạc bản đồ hiện đại | E370: 2022 | F370: TĐ | G370: Hội nghị, hội thảo trong nước
D371: Hội thảo, hội nghị trong nước | G371: =COUNTIF(G2:G370,"Hội nghị, hội thảo trong nước") -> 108
D372: Tạp chí trong nước | G372: =COUNTIF(G2:G370,"Tạp chí trong nước") -> 261
D373: Tổng | G373: =SUM(G371:G372) -> 369

Sheet XD 2016-nay
A1: TT | B1: Tên bài báo | C1: Tên tác giả | D1: Tên Hội nghị, hội thảo | E1: Thời gian xuất bản | F1: Khoa | G1: Thể loại
A2: 1 | B2: Phân tích tính ổn định của đường hầm có xem xét đến độ nứt nẻ của đất đá | C2: Trần Tuấn Minh và nnk. | D2: Tuyển tập Hội nghị khoa học công nghệ năm 2016-Kỷ niệm 60 năm thành lập viện khoa học công nghệ GTVT | E2: 2016 | F2: XD | G2: Hội nghị, hội thảo trong nước
A3: 2 | B3: Nghiên cứu ảnh hưởng của dự ứng lực trong kết cấu neo đến chuyển vị của đất đá trên biên đường hầm giao thông xuyên núi | C3: Trần Tuấn Minh và nnk. | D3: Tuyển tập Hội nghị khoa học công nghệ năm 2016-Kỷ niệm 60 năm thành lập viện khoa học công nghệ GTVT | E3: 2016 | F3: XD | G3: Hội nghị, hội thảo trong nước
A4: 3 | B4: Xây dựng thí điểm kè sinh thái chống sạt lở bờ biển tỉnh Cà Mâu | C4: Nguyễn Xuân Mãn và nnk | D4: Tuyển tập các công trình khoa học kỷ niệm 50 năm thành lập Bộ môn "Xây dựng Công trình ngầm và Mỏ" | E4: 2016 | F4: XD | G4: Hội nghị, hội thảo trong nước
A5: 4 | B5: Lún mặt đất do ảnh hưởng của việc xây dựng công trình ngầm | C5: Nguyễn Xuân Mãn và nnk | D5: Tuyển tập các công trình khoa học kỷ niệm 50 năm thành lập Bộ môn "Xây dựng Công trình ngầm và Mỏ" | E5: 2016 | F5: XD | G5: Hội nghị, hội thảo trong nước
A6: 5 | B6: Một số giải pháp khai thác nước ngầm nhằm giảm thiểu hạ thấp mặt đất tại khu vực TP. HCM | C6: Nguyễn Xuân Mãn và nnk | D6: Tuyển tập các công trình khoa học kỷ niệm 50 năm thành lập Bộ môn "Xây dựng Công trình ngầm và Mỏ" | E6: 2016 | F6: XD | G6: Hội nghị, hội thảo trong nước
A7: 6 | B7: Mô phỏng toán học để xác định chuyển vị cho phép của biên đường hầm mặt cắt ngang hình tròn | C7: Nguyễn Xuân Mãn và nnk | D7: Tuyển tập các công trình khoa học kỷ niệm 50 năm thành lập Bộ môn "Xây dựng Công trình ngầm và Mỏ" | E7: 2016 | F7: XD | G7: Hội nghị, hội thảo trong nước
A8: 7 | B8: Nghiên cứu xác định cường độ kháng trượt của lớp bê tông hạt mịn chất lượng cao mới đổ trên bề mặt bê tông cũ dùng trong công trình ngầm | C8: Tăng Văn Lâm, Đào Viết Đoàn, Nguyễn Quyết Thắng | D8: Tuyển tập các công trình khoa học kỷ niệm 50 năm thành lập Bộ môn "Xây dựng Công trình ngầm và Mỏ" | E8: 2016 | F8: XD | G8: Hội nghị, hội thảo trong nước
A9: 8 | B9: Nghiên cứu đánh giá cấu trúc đặc của bê tông chất lượng cao hạt mịn dùng trong công trình ngầm bằng phương pháp gia tốc | C9: Tăng Văn Lâm, Đào Viết Đoàn, Ngô Xuân Hùng | D9: Tuyển tập các công trình khoa học kỷ niệm 50 năm thành lập Bộ môn "Xây dựng Công trình ngầm và Mỏ" | E9: 2016 | F9: XD | G9: Hội nghị, hội thảo trong nước
A10: 9 | B10: Lún sụt mặt đất do ảnh hưởng của việc xây dựng công trình ngầm. | C10: Nguyễn Xuân Mãn, Nguyễn Duyên Phong, Nguyễn Thành Nam | D10: Tuyển tập các công trình khoa học kỷ niệm 50 năm thành lập Bộ môn "Xây dựng Công trình ngầm và Mỏ" | E10: 2016 | F10: XD | G10: Hội nghị, hội thảo trong nước
A11: 10 | B11: Mô phỏng toán học để xác định dịch chuyển cho phép của biên hầm mặt cắt tròn. | C11: Nguyễn Duyên Phong, Nguyễn Xuân Mãn, A.N. Pankratenco, Nguyễn Thành Nam | D11: Tuyển tập các công trình khoa học kỷ niệm 50 năm thành lập Bộ môn "Xây dựng Công trình ngầm và Mỏ" | E11: 2016 | F11: XD | G11: Hội nghị, hội thảo trong nước
A12: 11 | B12: Nghiên cứu hiệu quả gia cường khối đá xung quanh đường lò bằng neo dự ứng lực | C12: Đào Viết Đoàn | D12: Tuyển tập các công trình khoa học kỷ niệm 50 năm thành lập Bộ môn "Xây dựng Công trình ngầm và Mỏ" | E12: 2016 | F12: XD | G12: Hội nghị, hội thảo trong nước
A13: 12 | B13: Nghiên cứu phân loại cửa hầm giao thông và điều kiện áp dụng. | C13: Đào Viết Đoàn | D13: Tuyển tập các công trình khoa học kỷ niệm 50 năm thành lập Bộ môn "Xây dựng Công trình ngầm và Mỏ" | E13: 2016 | F13: XD | G13: Hội nghị, hội thảo trong nước
... A266: 15 | B266: Nghiên cứu xác định thời điểm xuất hiện nứt bê tông do ăn mòn cốt thép trong kết cấu bê tông cốt thép làm việc trong môi trường biển | C266: Nguyễn Văn Mạnh, Phạm Đức Thọ, Bùi Văn Đức | D266: Kỷ yếu Hội nghị Khoa học Toàn quốc ACEA-VIETGEO 2021: Địa chất công trình - Địa kỹ thuật và Xây dựng phục vụ phát triển bền vững khu vực miền Trung và Tây nguyên | E266: 2022 | F266: XD | G266: Hội nghị, hội thảo trong nước
D267: Hội thảo, hội nghị trong nước | G267: =COUNTIF(G2:G266,"Hội nghị, hội thảo trong nước") -> 132
D268: Tạp chí trong nước | G268: =COUNTIF(G2:G266,"Tạp chí trong nước") -> 133
D269: Tổng | G269: =SUM(G267:G268) -> 265
